 Dungeon Crawl Stone Soup version 0.28-a0-1524-ge72afd5fc6 (webtiles) character file.

Game seed: 1540397153330350296

24 psuckher the Sneak (level 3, 0/30 HPs)
             Began as a Barachi Delver on Jan 17, 2022.
             Slain by a worm (3 damage)
             ... on level 5 of the Dungeon.
             The game lasted 00:01:48 (276 turns).

psuckher the Sneak (Barachi Delver)                  Turns: 276, Time: 00:01:48

Health: 0/30       AC:  3    Str: 15    XL:     3   Next: 2%
Magic:  3/3        EV: 12    Int: 10    God:
Gold:   0          SH:  0    Dex: 13    Spells: 2/2 levels left

rFire   . . .      SeeInvis .   a - +0 falchion
rCold   . . .      Faith    .   (no shield)
rNeg    . . .      Spirit   .   b - +0 leather armour
rPois   .          Reflect  .   (no helmet)
rElec   .          Harm     .   (no cloak)
rCorr   .          Rampage  .   (no gloves)
Will    .....                   (no boots)
Stlth   +++.......              (no amulet)
HPRegen 0.10/turn               (no ring)
MPRegen 0.08/turn               (no ring)

@: slow
A: amphibious, slowness 1, strong legs 1, +LOS
a: Hop


You were on level 5 of the Dungeon.
You visited 1 branch of the dungeon, and saw 1 of its levels.

Inventory:

Hand Weapons
 a - a +0 falchion (weapon)
Armour
 b - a +0 leather armour (worn)
Wands
 g - a wand of digging (3)
Scrolls
 c - a scroll of fog
 d - a scroll of magic mapping
 e - a scroll of fear
Potions
 f - a potion of haste


   Skills:
 + Level 3.8 Fighting
 + Level 2.5 Long Blades
 + Level 0.5 Armour
 + Level 2.3 Dodging
 + Level 5.1 Stealth


You had 2 spell levels left.
You didn't know any spells.
Your spell library contained the following spells:

 Spells                   Type           Power      Damage    Failure   Level
 Apportation              Tloc           0%         N/A       43%         1
 Magic Dart               Conj           0%         1d3       43%         1
 Call Imp                 Summ           0%         N/A       56%         2
 Mephitic Cloud           Conj/Pois/Air  0%         N/A       80%         3
 Alistair's Intoxication  Tmut/Pois      0%         N/A       100%        5


Dungeon Overview and Level Annotations

Branches:
Dungeon (5/15)
 Temple: D:4-7

Altars:


Innate Abilities, Weirdness & Mutations

You are amphibious.
You cover ground slowly.
You can hop short distances.
You have an extended range of vision and can be seen from far away.


Message History

The adder is almost dead.
The adder barely misses you. The adder closely misses you.
You closely miss the adder.
The adder is almost dead.
The adder bites you but does no damage.
You closely miss the adder.
The adder is almost dead.
The adder bites you. The adder barely misses you.
You hit the adder but do no damage.
The adder is almost dead.
The adder barely misses you.
You hit the adder.
You kill the adder!
You have reached level 3!
Your experience leads to an increase in your attributes!
Increase (S)trength, (I)ntelligence, or (D)exterity?
You feel stronger. x2
You open the door.
Found a stone staircase leading up.
There is an open door here.
A worm comes into view.
The worm barely misses you.
You hit the worm.
The worm is moderately wounded.
You slash the worm!
The worm is severely wounded.
The worm bites you!
You barely miss the worm.
The worm is heavily wounded.
The worm bites you!
You slash the worm!
The worm is almost dead.
The worm bites you!
* * * LOW HITPOINT WARNING * * *
You completely miss the worm.
The worm is almost dead.
You barely miss the worm.
The worm is almost dead.
The worm bites you.
You die...

#.....(... #.######## ###
#.# ..# #.# #.# #.#
#.###'####
############.#.....<#
.#≈≈≈≈≈≈≈§≈##.#......#
...§§...w@....#......##
##§≈§≈≈≈≈≈≈#..#.......#
############.#.#.###.#
#....###.#.#...#.#
#......#.#.....#.# ..
.........#######.#
##.#######..#.....#####.####
...........................
#####....######.........####


You could see a worm.

Vanquished Creatures
  A hound skeleton (D:5)
  An adder (D:5)
  2 jackals (D:5)
4 creatures vanquished.

Notes
Turn   | Place    | Note
-------+----------+-------------------------------------------
     0 | D:5      | psuckher the Barachi Delver began the quest for the Orb.
     0 | D:5      | Reached XP level 1. HP: 18/18 MP: 1/1
    71 | D:5      | Reached XP level 2. HP: 22/25 MP: 2/2
   161 | D:5      | Reached skill level 5 in Stealth
   189 | D:5      | Reached XP level 3. HP: 22/30 MP: 3/3
   276 | D:5      | Slain by a worm

Illustrated notes

Levels and vault maps discovered:
D:5:      layout_basic, minmay_temple_entry_sparse_star, supply_closet_lemuel,
          amcnicky_mini_rare_corridor_liquid, minmay_misc_feat_plants

Skill      XL: |  1  2 |
---------------+-------+-----
Stealth        | 5 |  5.1
Fighting       | |  3.8
Long Blades    | |  2.5
Armour         | |  0.5
Dodging        | |  2.3

Action                   || total
-------------------------++-------
Melee: Falchion          ||    32
Armor: Leather armour    ||    11
Dodge: Dodged            ||    19

Table legend: (Time is in decaauts)
 A = Elapsed time spent in this place.
 B = Non-inter-level travel time spent in this place.
 C = Inter-level travel time spent in this place.
 D = Time resting spent in this place.
 E = Time spent auto-exploring this place.
 F = Levels seen in this place.
 G = Mean time per level.
                   A        B        C        D        E       F      G
               +--------+--------+--------+--------+--------+-----+--------+
         Total |    329 |    329 |      0 |      0 |      0 |   1 |  329.0 |
       Dungeon |    329 |    329 |      0 |      0 |      0 |   1 |  329.0 |
               +--------+--------+--------+--------+--------+-----+--------+

Top non-repeatable levels by time:
     D:5: 329 daAuts
